 Dungeon Crawl Stone Soup version 0.20-a0-1017-gc3250ce (webtiles) character file.

71 Magifyre the Shield-Bearer (level 4, -7/37 HPs)
             Began as a Formicid Fighter on Apr 16, 2017.
             Mangled by MatthieuS's ghost (12 damage)
             ... on level 3 of the Dungeon.
             The game lasted 00:03:53 (1644 turns).

Magifyre the Shield-Bearer (Formicid Fighter)       Turns: 1644, Time: 00:03:53

Health: -7/37      AC:  7    Str: 20    XL:     4   Next: 47%
Magic:  4/4        EV:  8    Int:  8    God:
Gold:   107        SH:  9    Dex: 11    Spells: 3/3 levels left

rFire    . . .     SeeInvis +   a - +0 war axe
rCold    . . .     Gourm    .   c - +0 shield
rNeg     . . .     Faith    .   b - +0 scale mail
rPois    .         Spirit   .   (helmet unavailable)
rElec    .         Reflect  .   (no cloak)
rCorr    .         Harm     .   (no gloves)
MR       .....                  (no boots)
Stlth    ..........             (no amulet)
Regen    0.2/turn               (no ring)
MPRegen  0.1/turn               (no ring)

@: no status effects
A: permanent stasis, dig shafts and tunnels, four strong arms, antennae 3
a: Dig, Shaft Self


You were on level 3 of the Dungeon.
You were not hungry.

You visited 1 branch of the dungeon, and saw 3 of its levels.

You collected 107 gold pieces.

Inventory:

Hand Weapons
 a - a +0 war axe (weapon)
Missiles
 k - 8 tomahawks (quivered)
Armour
 b - a +0 scale mail (worn)
 c - a +0 shield (worn)
Scrolls
 e - a scroll of immolation {unknown}
 g - a scroll of remove curse {unknown}
 i - a scroll of amnesia {unknown}
 j - a scroll of identify {unknown}
 l - a scroll of random uselessness {unknown}
 m - a scroll of fog {unknown}
 n - a scroll of teleportation {unknown}
 p - a scroll of enchant weapon {unknown}
Potions
 d - 2 potions of might
 q - a potion of curing {unknown}
Comestibles
 f - a bread ration
 h - 2 meat rations
 o - 3 chunks of flesh


   Skills:
 + Level 3.8 Fighting
 + Level 2.8 Axes
 + Level 3.8 Armour
 + Level 4.3 Shields


You had 3 spell levels left.
You didn't know any spells.

Dungeon Overview and Level Annotations

Branches:
Dungeon (3/15)

Altars:
Fedhas
Makhleb
Okawaru
Sif Muna
Uskayaw
Wu Jian
Xom
Yredelemnul

Annotations:
D:3 MatthieuS's ghost, amateur TrMo


Innate Abilities, Weirdness & Mutations

You cannot be hasted, slowed, berserked, paralysed or teleported.
You can dig through walls and to a lower floor.
Your four strong arms can wield two-handed weapons with a shield.
You have a pair of large antennae on your head. (SInv)


Message History

MatthieuS's ghost is moderately damaged.
MatthieuS's ghost hits you!
You are too injured to fight recklessly!
Your shield and scale mail prevent you from hitting MatthieuS's ghost.
MatthieuS's ghost is moderately damaged.
MatthieuS's ghost wails, "Death is your only future!"
MatthieuS's ghost closely misses you. You block MatthieuS's ghost's attack.
You slash MatthieuS's ghost!
MatthieuS's ghost is heavily damaged.
You block MatthieuS's ghost's attack.
An orc comes into view. It is wielding a whip.
You slash MatthieuS's ghost!
MatthieuS's ghost is heavily damaged.
MatthieuS's ghost hits you but does no damage.
MatthieuS's ghost hits you!
* * * LOW HITPOINT WARNING * * *
You hit MatthieuS's ghost.
MatthieuS's ghost is severely damaged.
MatthieuS's ghost hits you!
You die...

#.
#.###+##### #
.........#.
.##......_...
.)...._..._.
##.......o..
#..W._..⌠...
#...@.......
#÷#..)_..._.
#.##...._..)
#..##.#...#.
##.##.#####
#.##.# #.##.#
#..#.# ######
##.#.# #....#


You could see MatthieuS's ghost and an orc.

Vanquished Creatures
  2 adders (D:2)
  A gnoll (D:2)
  A worm (D:3)
  A dart slug (D:3)
  3 leopard geckos (D:1)
  2 orcs (D:2)
  4 bats
  6 goblins
  2 hobgoblins
  A quokka (D:3)
  A ball python (D:1)
  5 kobolds
  8 rats
37 creatures vanquished.

Notes
Turn   | Place    | Note
-------+----------+-------------------------------------------
     0 | D:1      | Magifyre the Formicid Fighter began the quest for the Orb.
     0 | D:1      | Reached XP level 1. HP: 18/18 MP: 1/1
   210 | D:1      | Reached XP level 2. HP: 23/24 MP: 2/2
   453 | D:1      | Reached XP level 3. HP: 26/29 MP: 3/3
  1016 | D:2      | Reached skill level 4 in Shields
  1017 | D:2      | Found a faded altar of an unknown god.
  1226 | D:2      | Reached XP level 4. HP: 30/37 MP: 4/4
  1249 | D:2      | Found an iron altar of Okawaru.
  1478 | D:3      | Found an ornate altar of the Wu Jian Council.
  1527 | D:3      | Found a shimmering altar of Xom.
  1527 | D:3      | Found a deep blue altar of Sif Muna.
  1527 | D:3      | Found a blossoming altar of Fedhas.
  1629 | D:3      | Found a burning altar of Makhleb.
  1629 | D:3      | Found an iron altar of Okawaru.
  1630 | D:3      | Found a hide-covered altar of Uskayaw.
  1630 | D:3      | Found a basalt altar of Yredelemnul.
  1634 | D:3      | Noticed MatthieuS's ghost (amateur TrMo)
  1644 | D:3      | Mangled by MatthieuS's ghost

Vault maps used:
D:1:      saegor_arrival_miasma
D:2:      chequers_ecumenical_altar_island, okawaru_altar_gauntlet_db
D:3:      lemuel_round_altar, grunt_temple_overflow_open, interstate_on_off

Skill      XL: |  1  2  3 |
---------------+----------+-----
Shields        | 4 |  4.3
Fighting       | |  3.8
Axes           | |  2.8
Armour         | |  3.8

Action                   |  1- 3 |  4- 6 || total
-------------------------+-------+-------++-------
Melee: War axe           |    72 |    31 ||   103
  Eat: Chunk             |     1 |     1 ||     2
Armor: Scale mail        |    33 |     9 ||    42
Dodge: Dodged            |    25 |     5 ||    30
Block: Shield            |    44 |    15 ||    59
